 Dungeon Crawl Stone Soup version 0.31.0-12-g77e489cdc1 (webtiles) character file.

Game seed: 12330222983402530809

56 H0rd4k the Charlatan (level 3, 0/24 HPs)
             Began as an Octopode Artificer on Mar 4, 2024.
             Slain by a sleepcap (11 damage)
             ... on level 3 of the Dungeon.
             The game lasted 00:01:31 (1599 turns).

H0rd4k the Charlatan (Octopode Artificer)           Turns: 1599, Time: 00:01:32

Health: 0/24       AC:  1    Str: 11    XL:     3   Next: 97%
Magic:  3/3        EV:  2    Int: 15    God:
Gold:   177        SH:  0    Dex: 12    Spells: 2/2 levels left

rFire   . .          .
                       - Unarmed
rCold   . . .        (no shield)
rNeg    . . .        (helmet restricted)
rPois   .            (no amulet)
rElec   .            (no ring)
rCorr   .            (no ring)
SInv    .            (no ring)
Will    .....        (no ring)
Stlth   +++          (no ring)
HPRegen 0.24/turn    (no ring)
MPRegen 0.08/turn    (no ring)
                     (no ring)

%: no passive effects
@: sleeping
A: almost no armour, amphibious, 8 rings, camouflage 1, gelatinous body 1,
(nimble swimmer 1), tentacles
a: no special abilities


You were on level 3 of the Dungeon.
You visited 1 branch of the dungeon, and saw 3 of its levels.

You collected 177 gold pieces.

Inventory:

Magical Staves
 l - a staff of conjuration
Jewellery
 p - a ring of ice
Wands
 b - a wand of flame (15) (quivered)
 c - a wand of charming (14)
 d - a wand of iceblast (5)
 o - a wand of mindburst (6)
Scrolls
 a - 2 scrolls of vulnerability {unknown}
 g - a scroll of butterflies {unknown}
 i - a scroll of enchant weapon {unknown}
 j - a scroll of teleportation {unknown}
 k - 2 scrolls of identify {unknown}
 m - 3 scrolls of fog {unknown}
 n - a scroll of noise {unknown}
Potions
 e - 2 potions of curing {unknown}
 f - 3 potions of heal wounds {unknown}
 h - 2 potions of lignification {unknown}
 q - a potion of berserk rage {unknown}


   Skills:
 + Level 1.9 Fighting
 - Level 2.3 Dodging
 - Level 1.3 Stealth
 + Level 2.9 Unarmed Combat
 - Level 3.2 Evocations


You had 2 spell levels left.
You didn't know any spells.
Your spell library contained the following spells:

 Spells                   Type           Power      Damage    Failure   Level
 Scorch                   Fire           0%         2d5       38%         2
 Flame Wave               Conj/Fire      0%         2d4       95%         4
 Summon Cactus Giant      Summ           0%         N/A       100%        6


Dungeon Overview and Level Annotations

Branches:
Dungeon (3/15)

Altars:

Shops:
D:2 !


Innate Abilities, Weirdness & Mutations

You cannot wear most types of armour.
You are amphibious.
You can wear up to eight rings at the same time.
Your skin changes colour to match your surroundings (Stealth+).
Your rubbery body absorbs attacks. (AC +1, EV +1)
((You are camouflaged when in or above water. (Stealth+)))
You have tentacles for arms and can constrict up to eight enemies at once.


Message History

Orders for allies: a - Attack new target. p - Attack previous target. r - Retreat! s - Stop attacking. g - Guard the area. f - Follow me.
Anything else - Cancel.
Guard this area!
A sleepcap is nearby!
A sleepcap is nearby!
A sleepcap is nearby!
You tentacle-slap the sleepcap but do no damage.
You grab the sleepcap.
You constrict the sleepcap, but do no damage.
The sleepcap barely misses you.
You tentacle-slap the sleepcap but do no damage.
You constrict the sleepcap. The sleepcap misses you.
You tentacle-slap the sleepcap. You squeeze the sleepcap.
The sleepcap is lightly damaged.
You constrict the sleepcap, but do no damage.
The sleepcap releases spores at you but does no damage.
You tentacle-slap the sleepcap.
You squeeze the sleepcap, but do no damage.
The sleepcap is lightly damaged.
You constrict the sleepcap, but do no damage.
The sleepcap barely misses you.
You tentacle-slap the sleepcap.
You squeeze the sleepcap, but do no damage.
The sleepcap is moderately damaged.
You constrict the sleepcap. You completely miss the sleepcap.
The sleepcap is moderately damaged.
You constrict the sleepcap, but do no damage.
The sleepcap closely misses you.
You tentacle-slap the sleepcap.
The sleepcap is moderately damaged.
You constrict the sleepcap, but do no damage.
The sleepcap releases spores at you.
You are engulfed in a cloud of soporific spores!
You fall asleep.
You lose your grip on the sleepcap.
The sleepcap releases spores at you!
You die...

######## #.......
###############
#####.######
#...........f@##
#.........#
#.###########..##
#.###.###.# #.#
#.....###.#
#.###.## #.#
#......##.#
#....... #.#
#.........#
#####.## #.#####
#.....##### #.#
#.....# #.....#
#.# #####.#
####.## #.# #.#
#+# #.##


You could see a sleepcap.

Vanquished Creatures
  2 adders (D:2)
  3 endoplasms
  A giant cockroach (D:2)
  4 goblins
  7 hobgoblins
  2 quokkas (D:3)
  5 ball pythons
  3 bats
  A frilled lizard (D:1)
  2 kobolds
  6 rats
36 creatures vanquished.

Notes
Turn   | Place    | Note
-------+----------+-------------------------------------------
     0 | D:1      | H0rd4k the Octopode Artificer began the quest for the Orb.
     0 | D:1      | Reached XP level 1. HP: 13/13 MP: 1/1
   316 | D:1      | Reached skill level 1 in Unarmed Combat
   365 | D:1      | Reached XP level 2. HP: 14/18 MP: 2/2
   816 | D:2      | Identified the +2 ring mail "Ofuner" {rElec rPois Dex+2
                  | Slay-4}
   895 | D:2      | Reached XP level 3. HP: 23/23 MP: 3/3
   950 | D:2      | Found Ichogron's Distillery.
  1599 | D:3      | Slain by a sleepcap

Illustrated notes

Levels and vault maps discovered:
D:1:      dpeg_arrival_connections, layout_basic, kennysheep_pointless_box,
          minmay_gold_behind_fungi
D:2:      layout_basic, serial_shops, shop
D:3:      layout_loops_corners, minivault_11, minmay_strange_pillars,
          item_on_display_a

Skill      XL: |  1  2 |
---------------+-------+-----
Unarmed Combat | 1 2 |  2.9
Fighting       | |  1.9
Dodging        | |  2.3
Stealth        | |  1.3
Evocations     | |  3.2

Action                     || total
---------------------------++-------
  Melee: Unarmed           ||    95
         Constrict         ||    29
         Tentacles         ||    25
         Punch             ||     2
  Evoke: Wand              ||     1
   Stab: Sleeping          ||     6
 Armour: Skin              ||    36
  Dodge: Dodged            ||    64
